Map: Port Aleksander LE

Players

Marsman

  • Race: Protoss Protoss
  • League: Grandmaster
  • Spawn Location: 11:00

Lambo - Winner!

  • Race: Zerg Zerg
  • League: Grandmaster
  • Spawn Location: 5:00

VOD

Have the link to the VOD?

Description

Time

  • Played on: Jan. 6, 2019, 9:25 a.m.
  • Length: 8:58
Show
View Real Time Build Order
Export as new Build Order

Marsman Protoss 

Build Orders: 1 Gate Expand, Zealot Archon, Archon Drop, Dark Templar Rush 

Get SALT Encoding   

  12  0:00  Probe  
  13  0:12  Probe  
  14  0:20  Pylon  
  14  0:25  Probe  
  15  0:39  Probe, Gateway  
  16  0:47  Probe  
  16  0:48  Assimilator  
  16  0:55  Probe  
  18  1:07  Probe  
  19  1:19  Probe  
  20  1:27  Nexus  
  20  1:38  Cybernetics Core  
  20  1:40  Probe  
  20  1:46  Assimilator  
  21  1:53  Probe  
  22  1:56  Pylon  
  22  2:05  Probe, Adept  
  25  2:17  Probe  
  26  2:24  Twilight Council  
  26  2:31  Probe, Stalker  
  26  2:36  Probe, Warp Gate  
  29  2:43  Probe  
  29  2:44  Probe  
  32  2:54  Probe  
  32  2:55  Probe  
  34  3:06  Probe  
  34  3:07  Probe  
  36  3:17  Robotics Facility  
  36  3:18  Probe  
  36  3:19  Probe  
  38  3:25  Gateway  
  38  3:27  Gateway  
  38  3:30  Probe  
  38  3:32  Dark Shrine  
  39  3:40  Sentry  
  41  3:43  Probe x2  
  41  3:47  Pylon  
  43  3:49  Gateway  
  43  3:54  Gateway  
  43  3:58  Probe x2  
  43  4:01  Warp Prism  
  45  4:02  Pylon  
  45  4:03  Assimilator  
  45  4:10  Assimilator  
  45  4:13  Probe  
  45  4:15  Probe  
  49  4:27  Probe  
  49  4:28  Probe  
  51  4:32  Pylon  
  51  4:35  Pylon  
  51  4:39  Probe  
  51  4:40  Probe  
  53  4:49  Forge  
  53  4:50  Pylon  
  53  4:51  Probe  
  53  4:52  Probe  
  55  5:05  Dark Templar x4  
  63  5:17  Nexus  
  63  5:18  Pylon  
  63  5:22  Immortal  
  63  5:25  Protoss Ground Weapons Level 1  
  63  5:29  Probe  
  63  5:31  Probe  
  69  5:38  Sentry x3  
  69  5:40  Archon  
  69  5:41  Probe, Archon  
  76  5:45  Gateway x2  
  76  5:46  Probe  
  77  5:53  Charge  
  77  6:02  Observer  
  78  6:04  Probe  
  78  6:05  Probe  
  78  6:09  Gateway  
  78  6:10  Gateway  
  80  6:13  Gateway  
  80  6:17  Probe  
  80  6:18  Probe  
  82  6:21  Sentry, Zealot x2  
  82  6:22  Immortal  
  88  6:29  Probe  
  93  6:35  Probe x2  
  95  6:40  Pylon  
  95  6:41  Probe, Pylon  
  96  6:52  Pylon  
  96  7:06  Pylon  
  96  7:12  Dark Templar x3  
  96  7:13  Dark Templar  
  96  7:14  Zealot x3  
  96  7:15  Zealot x2  
  114  7:17  Archon x2  
  114  7:35  Zealot x5  
  124  7:46  Stalker x4  
  120  7:58  Stalker x5  
  100  8:14  Zealot x4  
  97  8:30  Dark Templar x3  
  97  8:32  Dark Templar  
  97  8:33  Zealot  
  103  8:37  Archon x2  
Show
View Real Time Build Order
Export as new Build Order

Lambo Zerg - Winner!

Build Orders: Hatch First 

Get SALT Encoding   

  12  0:02  Drone  
  13  0:14  Overlord  
  13  0:18  Drone  
  14  0:32  Drone x2  
  16  0:49  Hatchery  
  15  0:53  Drone  
  17  0:57  Drone  
  17  1:00  Drone  
  18  1:10  Extractor  
  17  1:15  Spawning Pool  
  16  1:19  Drone  
  16  1:22  Drone  
  18  1:30  Drone  
  19  1:40  Drone  
  20  1:54  Overlord  
  20  2:02  Queen x2  
  20  2:03  Zergling x4  
  26  2:13  Drone x2  
  26  2:15  Metabolic Boost  
  28  2:26  Drone x2  
  30  2:38  Hatchery  
  30  2:42  Drone  
  30  2:44  Drone  
  30  2:48  Drone  
  30  2:50  Overlord  
  32  2:57  Queen  
  34  3:01  Drone  
  35  3:07  Drone  
  35  3:13  Drone x2  
  35  3:15  Drone x2  
  35  3:16  Overlord  
  39  3:20  Drone  
  39  3:23  Drone  
  41  3:27  Drone x3  
  44  3:34  Queen  
  44  3:37  Zergling x4  
  48  3:43  Roach Warren  
  48  3:46  Drone x2  
  49  3:50  Extractor  
  49  3:51  Lair  
  49  3:53  Drone x2  
  50  4:03  Drone x4  
  50  4:06  Overlord  
  50  4:07  Drone  
  50  4:08  Drone  
  50  4:09  Drone  
  57  4:17  Extractor  
  57  4:19  Overlord x2  
  57  4:20  Overlord  
  56  4:29  Drone x2  
  57  4:33  Drone x2  
  57  4:34  Roach x3  
  67  4:44  Overlord  
  65  4:49  Drone x2, Overseer  
  65  4:51  Overlord  
  67  4:54  Glial Reconstitution  
  67  4:55  Zergling x2  
  67  4:56  Extractor, Zergling x6  
  67  4:58  Roach x3  
  76  5:12  Drone x4  
  80  5:17  Extractor  
  80  5:20  Overseer  
  77  5:21  Overseer  
  77  5:24  Drone x7  
  82  5:31  Drone x2  
  82  5:32  Drone  
  82  5:34  Spire  
  82  5:35  Roach x2  
  88  5:42  Roach  
  90  5:43  Extractor  
  90  5:48  Roach x2  
  93  5:54  Drone x2  
  93  5:55  Queen, Drone x2  
  93  5:56  Drone  
  100  5:57  Roach x3  
  100  5:59  Evolution Chamber  
  100  6:04  Overlord  
  105  6:05  Overlord  
  105  6:06  Overlord  
  105  6:08  Overlord  
  105  6:11  Overlord  
  105  6:15  Overlord  
  105  6:23  Drone  
  105  6:24  Drone  
  107  6:26  Overlord  
  107  6:31  Zerg Missile Weapons Level 1  
  117  6:32  Roach  
  117  6:33  Roach x5, Hatchery  
  118  6:51  Mutalisk x6  
  118  6:53  Mutalisk  
  132  6:58  Overlord  
  129  7:05  Roach x7  
  143  7:12  Roach x4  
  150  7:17  Roach  
  150  7:21  Ravager  
  150  7:22  Roach x2  
  159  7:23  Roach  
  159  7:29  Roach  
  161  7:30  Overlord  
  161  7:31  Overlord  
  161  7:34  Overlord  
  161  7:37  Overlord  
  161  7:44  Overlord  
  161  7:47  Roach x3  
  161  7:49  Roach x6  
  179  7:56  Roach x5  
  170  7:59  Roach  
  170  8:03  Roach  
  156  8:07  Roach x2  
  156  8:10  Roach x5  
  151  8:13  Roach x2  
  151  8:17  Roach  
  143  8:21  Roach x2  
  136  8:27  Roach x2  
  136  8:31  Roach x2  
  142  8:34  Roach  
Tags
 
Add a new tag
Caveats
  • Supply blocks, unpowered buildings, or Contaminate may cause inaccurate times.
  • Supply counts are checked every 10 seconds.